 Dungeon Crawl Stone Soup version 0.22-a0-355-g201945f (webtiles) character file.

107 inmateoo the Gusty (level 5, -7/33 HPs)
             Began as a Human Air Elementalist on Apr 17, 2018.
             Was a Follower of Hepliaklqana.
             Killed by divine providence
             ... invoked by an orc priest
              (11 damage)
             ... on level 3 of the Dungeon.
             The game lasted 00:04:39 (2807 turns).

inmateoo the Gusty (Human Air Elementalist)         Turns: 2807, Time: 00:04:40

Health: -7/33      AC:  3    Str:  9    XL:     5   Next: 10%
Magic:  1/8        EV: 13    Int: 16    God:    Hepliaklqana [*.....]
Gold:   114        SH:  0    Dex: 13    Spells: 2/8 levels left

rFire    . . .     SeeInvis .   g - +0 dagger
rCold    . . .     Gourm    .   (no shield)
rNeg     . . .     Faith    .   a - +0 robe
rPois    .         Spirit   .   (no helmet)
rElec    .         Reflect  .   (no cloak)
rCorr    .         Harm     .   (no gloves)
MR       .....                  j - +0 pair of boots
Stlth    ++........             (no amulet)
HPRegen  0.11/turn              (no ring)
MPRegen  0.11/turn              (no ring)

@: no status effects
A: reduced essence
a: Recall Ancestor, Ancestor Identity, Renounce Religion


You were on level 3 of the Dungeon.
You worshipped Hepliaklqana.
Hepliaklqana was aware of your devotion.
You were not hungry.

You visited 1 branch of the dungeon, and saw 3 of its levels.

You collected 114 gold pieces.

Inventory:

Hand Weapons
 g - a +0 dagger (weapon)
 i - a +0 falchion of holy wrath
Armour
 a - a +0 robe (worn)
 j - a +0 pair of boots (worn)
Scrolls
 b - a scroll of blinking {unknown}
 d - a scroll of immolation {unknown}
 h - 2 scrolls of identify {unknown}
 k - a scroll of amnesia {unknown}
 m - a scroll of teleportation {unknown}
 q - 2 scrolls of remove curse {unknown}
Potions
 e - a potion of lignification {unknown}
 f - a potion of heal wounds {unknown}
 l - a potion of haste {unknown}
 n - a potion of curing {unknown}
 p - a potion of magic {unknown}
Comestibles
 c - 3 rations
 o - a chunk of flesh


   Skills:
 + Level 1.3 Fighting
 + Level 2.5 Dodging
 + Level 2.5 Stealth
 + Level 2.3 Spellcasting
 + Level 1.7 Conjurations
 * Level 4.0 Air Magic


You had 2 spell levels left.
You knew the following spells:

 Your Spells              Type           Power        Failure   Level  Hunger
a - Shock                 Conj/Air       ##..         6%          1    #......
b - Swiftness             Chrm/Air       #.......     13%         2    ###....
c - Static Discharge      Conj/Air       ##......     19%         3    ###....


Dungeon Overview and Level Annotations

Branches:
Dungeon (3/15)

Altars:
Cheibriados
Hepliaklqana
Nemelex Xobeh
Xom


Message History

The orc priest is heavily wounded.
The orc barely misses you.
The orc priest invokes the aid of Beogh against you.
Beogh smites you!
Unknown command.
Unknown command.
Casting: Shock (safe; 6% risk of failure)
Confirm with . or Enter, or press ? or * to list all spells.
Aiming: Shock (safe; 6% risk of failure)
Press: ? - help, Shift-Dir - straight line The zap hits the orc priest.
The orc priest appears unharmed.
The orc priest is heavily wounded.
The zap hits the orc.
The orc is heavily wounded.
The zap misses the orc priest.
The orc hits you from afar with a trident.
* * * LOW HITPOINT WARNING * * *
The orc priest mumbles some strange prayers to Beogh against you.
Beogh smites you!
You die...

........>###..#.......#.#
####.............._.....#
# #.......##.#.......#.#
## #.......##.#.......#.#
.###....).....##.....##..
..##.......#..####.####.#
..##.......##...........#
####....########R.##.####
#...## #@#<...... #...#
#o#######. # +#...#+ #o#
###.....### #o#
............ #.#
.....8...... #)#
............# #+#
###.....###.. #.'#...#+
#.


You could see the friendly Msizi the ancestor, 2 orc priests and an orc.

Vanquished Creatures
  2 adders (D:2)
  An ooze (D:3)
  A worm (D:2)
  4 dart slugs
  2 leopard geckos (D:1)
  2 orcs (D:3)
  3 giant cockroaches
  4 goblins
  5 hobgoblins
  2 jackals (D:2)
  3 kobolds (D:1)
  A quokka (D:2)
  3 bats
  4 frilled lizards
  4 rats
41 creatures vanquished.

Vanquished Creatures (collateral kills)
  An adder (D:2)
  A worm (D:2)
  An orc (D:2)
  2 giant cockroaches
  3 hobgoblins
  2 jackals (D:2)
  A bat (D:3)
  2 rats
13 creatures vanquished.

Vanquished Creatures (others)
  An ancestor (D:2)
1 creature vanquished.

Grand Total: 55 creatures vanquished

Notes
Turn   | Place    | Note
-------+----------+-------------------------------------------
     0 | D:1      | inmateoo the Human Air Elementalist began the quest for the Orb.
     0 | D:1      | Reached XP level 1. HP: 13/13 MP: 3/3
   339 | D:1      | Reached XP level 2. HP: 9/19 MP: 0/5
   543 | D:1      | Found a shimmering altar of Xom.
   688 | D:1      | Reached XP level 3. HP: 12/25 MP: 0/6
  1295 | D:2      | Found a hazy altar of Hepliaklqana.
  1300 | D:2      | Found a sparkling altar of Nemelex Xobeh.
  1303 | D:2      | Became a worshipper of Hepliaklqana the Forgotten
  1384 | D:2      | Found a faded altar of an unknown god.
  1463 | D:2      | Reached XP level 4. HP: 9/27 MP: 3/7
  1750 | D:2      | Reached skill level 1 in Fighting
  1929 | D:2      | Learned a level 2 spell: Swiftness
  1933 | D:2      | Learned a level 3 spell: Static Discharge
  2490 | D:3      | Reached skill level 4 in Air Magic
  2490 | D:3      | Reached XP level 5. HP: 19/33 MP: 8/8
  2780 | D:3      | Found a snail-covered altar of Cheibriados.
  2791 | D:3      | Reached * piety under Hepliaklqana
  2807 | D:3      | Killed from afar by an orc priest

Vault maps used:
D:1:      dpeg_arrival_tiny_i, xom_teletrap_fun
D:2:      minitemple, chequers_ecumenical_altar_simple
D:3:      old_standard_altar, first_ration, small_statue_intersection,
          grunt_ministairs_6

Skill      XL: |  1  2  3  4 |
---------------+-------------+-----
Fighting       | 1 |  1.3
Air Magic      | 4 |  4.0
Dodging        | |  2.5
Stealth        | |  2.5
Spellcasting   | |  2.3
Conjurations   | |  1.7

Action                   |  1- 3 |  4- 6 || total
-------------------------+-------+-------++-------
Melee: Unarmed           |     9 |       ||     9
       Dagger            |    17 |    38 ||    55
       Falchion          |    10 |    11 ||    21
 Cast: Shock             |    39 |    35 ||    74
 Stab: Sleeping          |     3 |     1 ||     4
       Distracted        |       |     1 ||     1
  Eat: Chunk             |     2 |     5 ||     7
Armor: Robe              |     8 |    16 ||    24
Dodge: Dodged            |    35 |    47 ||    82
       Rpst.: Falchion   |     3 |     2 ||     5

Table legend:
 A = Spawn XP
 B = Non-spawn XP
 C = Spawn XP percentage of total XP
 D = Spawn monster count
 E = Non-spawn monster count
 F = Spawn count percentage of total count
 G = Total turns spent on level
                    A         B        C        D         E        F      G
               +---------+---------+-------+---------+---------+-------+---------
         Total |       0 |     153 |   0.0 |       0 |      54 |   0.0 |  2807
               +---------+---------+-------+---------+---------+-------+---------
           D:1 |       0 |      46 |   0.0 |       0 |      22 |   0.0 |  1280
           D:2 |       0 |      86 |   0.0 |       0 |      24 |   0.0 |  1181
           D:3 |       0 |      21 |   0.0 |       0 |       8 |   0.0 |   346
               +---------+---------+-------+---------+---------+-------+---------
